 Dungeon Crawl Stone Soup version 0.28.0 (webtiles) character file.

Game seed: 977674403308225980

348 Illumine the Ruffian (level 6, -2/59 HPs)
             Began as a Troll Monk on Feb 15, 2022.
             Was a Believer of Ru.
             Slain by a killer bee (5 damage)
             ... on level 4 of the Dungeon.
             The game lasted 00:03:13 (2720 turns).

Illumine the Ruffian (Troll Monk)                   Turns: 2720, Time: 00:03:13

Health: -2/59      AC:  4    Str: 22    XL:     6   Next: 33%
Magic:  5/5        EV: 10    Int:  6    God:    Ru [**....]
Gold:   126        SH:  0    Dex: 12    Spells: 5/5 levels left

rFire   + . .      SeeInvis .     - Unarmed
rCold   + . .      Faith    .   (no shield)
rNeg    . . .      Spirit   .   a - +0 robe
rPois   +          Reflect  .   (helmet restricted)
rElec   +          Harm     .   (no cloak)
rCorr   +          Rampage  .   (gloves unavailable)
Will    .....                   (boots unavailable)
Stlth   ++........              (no amulet)
HPRegen 0.99/turn               (no ring)
MPRegen 0.09/turn               (no ring)

@: lethally poisoned (-2 -> -17), resistant
A: large, unfitting armour, claws 3, regeneration 1, shaggy fur 1, tough skin 1,
hated by all
a: Renounce Religion


You were on level 4 of the Dungeon.
You worshipped Ru.
Ru was pleased with you.
You visited 1 branch of the dungeon, and saw 4 of its levels.

You collected 126 gold pieces.

Inventory:

Missiles
 d - 46 stones (quivered)
 k - 3 boomerangs
Armour
 a - a +0 robe (worn)
Wands
 h - a wand of flame (40)
Scrolls
 b - 3 scrolls of identify {unknown}
 e - a scroll of magic mapping {unknown}
 f - 2 scrolls of teleportation {unknown}
 j - 3 scrolls of enchant armour {unknown}
 l - 3 scrolls of fear {unknown}
 n - a scroll of silence {unknown}
Potions
 c - a potion of resistance
 g - a potion of heal wounds {unknown}
 i - 2 potions of attraction {unknown}
 m - a potion of lignification {unknown}


   Skills:
 - Level 2.4 Fighting
 - Level 2.4 Dodging
 - Level 1.0 Stealth
 + Level 7.2 Unarmed Combat


You had 5 spell levels left.
You didn't know any spells.
Your spell library contained the following spells:

 Spells                   Type           Power      Damage    Failure   Level
 Apportation              Tloc           0%         N/A       45%         1
 Animate Skeleton         Necr           Unusable   N/A       N/A         1
 Summon Small Mammal      Summ           Unusable   N/A       N/A         1

Dungeon Overview and Level Annotations

Branches:
Dungeon (4/15)
 Temple: D:4-7

Altars:
Ru

Shops:
D:1 ?


Innate Abilities, Weirdness & Mutations

You are too large for most types of armour.
You have claws for hands.
Your natural rate of healing is unusually fast.
You are covered in fur. (AC +1)
You have tough skin. (AC +1)
You are hated by all.


Message History

The killer bee stings you.
You are more poisoned.
The killer bee poisons you! The killer bee stings you.
You claw the killer bee!
The killer bee is heavily wounded.
You feel sick. The killer bee stings you.
You are more poisoned.
The killer bee poisons you!
You feel very sick. The killer bee stings you!
You are more poisoned.
The killer bee poisons you!
You claw the killer bee!
The killer bee is severely wounded.
You feel very sick. The killer bee barely misses you.
The killer bee stings you.
You are more poisoned.
The killer bee poisons you!
The killer bee is stunned by your conviction and fails to attack.
Okay, then.
It was a potion of resistance.
You feel protected.
You feel very sick.
The killer bee stings you but does no damage.
The killer bee completely misses you. The killer bee closely misses you.
The killer bee stings you.
You are more poisoned.
The killer bee poisons you!
You feel very sick. The killer bee misses you. The killer bee stings you!
* * * LOW HITPOINT WARNING * * *
You are more poisoned.
The killer bee poisons you!
Unknown command.
You closely miss the killer bee.
The killer bee is severely wounded.
* * * LOW HITPOINT WARNING * * *
You feel very sick. The killer bee stings you.
You die...

#..........# ..
#..........# #.#
#..........#
..######..........#
#................#
#................###
######.......####........
.............# #...####'
.......y@....# ##.<.....
......yy###### #.####..
........# #.# #..
.......†### #.####..
..........# #...##..
..(.....#..#######.......
..........(...:.......#.#
########...=..........#.#
##≈≈......PP≈...#


You could see 3 killer bees.

Vanquished Creatures
  A black bear (D:4)
  A phantom (D:3)
  A killer bee (D:4)
  An iguana (D:4)
  5 adders
  2 worms
  2 dart slugs
  5 bats
  8 endoplasms
  2 giant cockroaches (D:1)
  7 goblins
  4 hobgoblins
  6 jackals (D:1)
  10 ball pythons
  3 frilled lizards
  2 kobolds
  4 rats
64 creatures vanquished.

Vanquished Creatures (others)
  A worm (D:4)
  8 plants (D:4)
9 creatures vanquished.

Grand Total: 73 creatures vanquished

Notes
Turn   | Place    | Note
-------+----------+-------------------------------------------
     0 | D:1      | Illumine the Troll Monk began the quest for the Orb.
     0 | D:1      | Reached XP level 1. HP: 22/22 MP: 0/0
   156 | D:1      | Reached XP level 2. HP: 28/29 MP: 1/1
   245 | D:1      | Found Vyteps's Magic Scroll Emporium.
   308 | D:1      | Reached skill level 4 in Unarmed Combat
   437 | D:1      | Reached XP level 3. HP: 32/36 MP: 2/2
   480 | D:1      | Found a faded altar of an unknown god.
  1470 | D:3      | Reached skill level 5 in Unarmed Combat
  1470 | D:3      | Reached XP level 4. HP: 12/44 MP: 3/3
  1564 | D:3      | Found a sacrificial altar of Ru.
  1582 | D:3      | Became a worshipper of Ru the Awakened
  1607 | D:3      | Gained mutation: You are hated by all. [Ru sacrifice]
  1607 | D:3      | Reached * piety under Ru
  1607 | D:3      | Reached ** piety under Ru
  2147 | D:3      | Noticed a phantom
  2153 | D:3      | Killed a phantom
  2154 | D:3      | Reached skill level 6 in Unarmed Combat
  2154 | D:3      | Reached XP level 5. HP: 50/50 MP: 4/4
  2374 | D:4      | Noticed a black bear
  2630 | D:4      | Killed a black bear
  2631 | D:4      | Reached skill level 7 in Unarmed Combat
  2631 | D:4      | Reached XP level 6. HP: 52/59 MP: 5/5
  2720 | D:4      | Slain by a killer bee

Illustrated notes

Levels and vault maps discovered:
D:1:      dpeg_arrival_more_subterranean_lakeside_camping, layout_loops_ring,
          chequers_ecumenical_altar_twisty, serial_shops, nicolae_diamond_shop
D:2:      layout_rooms, corexii_hall_statues_t
D:3:      layout_basic, mainiacjoe_overflow_tiny_flanked
D:4:      layout_basic, nicolae_uskayaw_suspiria, serial_bayou,
          serial_bayou_pond_c, serial_bayou_pond_e, serial_bayou_ford_a,
          serial_bayou_shore_a, st_stairs_13, hangedman_decor_riveting,
          chequers_serial_rivers_room_b

Skill      XL: |  1  2  3  4  5 |
---------------+----------------+-----
Unarmed Combat | 4 5 6 7 |  7.2
Fighting       | |  2.4
Dodging        | |  2.4
Stealth        | |  1.0

Action                   |  1- 3 |  4- 6 || total
-------------------------+-------+-------++-------
Melee: Unarmed           |   107 |    51 ||   158
       Punch             |     3 |     2 ||     5
Invok: Sacrifice Love    |       |     1 ||     1
  Use: Potion            |       |     1 ||     1
 Stab: Sleeping          |     3 |     2 ||     5
Armor: Robe              |    30 |     9 ||    39
Dodge: Dodged            |    40 |    16 ||    56
